 Dungeon Crawl Stone Soup version 0.28.0-53-g5a82cb258f (webtiles) character file.

Game seed: 751296263578660077

316 Peloso the Slasher (level 6, -12/55 HPs)
             Began as a Minotaur Fighter on Aug 18, 2022.
             Killed from afar by Pikel (30 damage)
             ... with a bolt of acid
             ... on level 3 of the Dungeon.
             The game lasted 00:03:48 (2872 turns).

Peloso the Slasher (Minotaur Fighter)               Turns: 2872, Time: 00:03:48

Health: -12/55     AC:  9    Str: 20    XL:     6   Next: 20%
Magic:  5/5        EV: 10    Int:  5    God:
Gold:   205        SH:  5    Dex: 12    Spells: 5/5 levels left

rFire   + . .      SeeInvis .   a - +0 long sword
rCold   x . .      Faith    .   c - +0 buckler
rNeg    . . .      Spirit   .   k - +6 scale mail "Kaxt" {rElec rF+ rC- Will+}
rPois   .          Reflect  .   (helmet restricted)
rElec   +          Harm     .   (no cloak)
rCorr   .          Rampage  .   (no gloves)
Will    +....                   (no boots)
Stlth   ..........              (no amulet)
HPRegen 0.18/turn               (no ring)
MPRegen 0.09/turn               (no ring)

@: corroded
A: horns 2, retaliatory headbutt
a: no special abilities


You were on level 3 of the Dungeon.
You visited 1 branch of the dungeon, and saw 4 of its levels.

You collected 205 gold pieces.

Inventory:

Hand Weapons
 a - a +0 long sword (weapon)
Missiles
 j - 2 throwing nets (quivered)
Armour
 b - a +0 scale mail
 c - a +0 buckler (worn)
 k - the +6 scale mail "Kaxt" (worn) {rElec rF+ rC- Will+}
   (You found it on level 2 of the Dungeon)

   rF:        It protects you from fire.
   rC:        It makes you vulnerable to cold.
   rElec:     It insulates you from electricity.
   Will:      It increases your willpower.
Scrolls
 e - a scroll of amnesia
 g - a scroll of torment {unknown}
 l - a scroll of teleportation
 m - a scroll of vulnerability {unknown}
Potions
 d - 4 potions of might
 f - a potion of heal wounds
 h - a potion of resistance {unknown}
 i - a potion of mutation {unknown}


   Skills:
 + Level 4.8 Fighting
 + Level 5.2 Long Blades
 + Level 5.1 Armour
 + Level 1.9 Dodging
 + Level 0.1 Stealth
 + Level 4.3 Shields


You had 5 spell levels left.
You didn't know any spells.
Your spell library was empty.

Dungeon Overview and Level Annotations

Branches:
Dungeon (4/15)
 Temple: D:4-7

Altars:

Annotations:
D:3 1 transporter, Pikel; ptr's ghost, weakling FeCj


Innate Abilities, Weirdness & Mutations

You have a pair of horns on your head.
You reflexively headbutt those who attack you in melee.


Message History

You climb upwards.
Level annotation: 1 transporter, ptr's ghost, weakling FeCj
There is a stone staircase leading down here.
You hit Pikel but do no damage. Pikel hits you but does no damage.
You barely miss Pikel. Pikel barely misses you.
You hit Pikel. You headbutt Pikel.
Pikel is moderately wounded.
Pikel hits you with a +0 whip of flaming.
Pikel burns you.
Pikel zaps a wand.
The bolt of acid hits you!
You barely miss Pikel.
Pikel is moderately wounded.
Pikel misses you.
You slash Pikel! Your headbutt misses Pikel.
Pikel is heavily wounded.
You block Pikel's attack.
You barely miss Pikel.
Pikel is heavily wounded.
Pikel says, "You'll make a fine lemure."
Pikel zaps a wand.
The bolt of acid hits you! The acid corrodes you!
You hit Pikel but do no damage.
Pikel is heavily wounded.
Pikel hits you but does no damage.
Pikel hits you with a +0 whip of flaming!
You completely miss Pikel.
Pikel is heavily wounded.
Pikel barely misses you.
You closely miss Pikel.
Pikel is heavily wounded.
You block Pikel's attack.
You barely miss Pikel. Your headbutt misses Pikel.
Pikel is heavily wounded.
Pikel closely misses you.
You barely miss Pikel.
Pikel is heavily wounded.
You block Pikel's attack.
You hit Pikel.
Pikel is heavily wounded.
Pikel zaps a wand.
The bolt of acid hits you!!
Ouch! That really hurt!
You die...

.#..# ##...## #...#.# #..#
##.....## #####.# #..#
##.......## ##.###.#
#####..###.........####...##.#
.........+.........'.......#.#
.......###.........####...##.#
####..## ##..<....## ##.###.#
#.....# ###...K.### ### #.#
#.##### #......@..# ####.# #.#
#.###+###.# #....# #.#
#####.###.# #.# #.#### #.#
#.........# #.# #.#
#.####.###.....###.# #.#
.....#.# #.##...##.# #.#
#.##.#.# #.#.....#.# #.#
#.##.#.###.........# #.#
#..............##########.#


You could see Pikel.

Vanquished Creatures
  Menkaure (D:4)
  A necrophage (D:3)
  An orc wizard (D:3)
  2 adders
  4 orcs
  2 ball pythons
  3 bats
  4 endoplasms
  2 giant cockroaches
  9 goblins
  6 hobgoblins
  6 jackals
  6 quokkas
  3 frilled lizards
  6 kobolds
  3 rats
59 creatures vanquished.

Notes
Turn   | Place    | Note
-------+----------+-------------------------------------------
     0 | D:1      | Peloso the Minotaur Fighter began the quest for the Orb.
     0 | D:1      | Reached XP level 1. HP: 19/19 MP: 0/0
   123 | D:1      | Reached XP level 2. HP: 14/27 MP: 1/1
   291 | D:1      | Found a faded altar of an unknown god.
   887 | D:2      | Reached XP level 3. HP: 28/33 MP: 2/2
  1177 | D:2      | Identified the +6 scale mail "Kaxt" {rElec rF+ rC- Will+}
  1629 | D:3      | Found a transporter.
  1635 | D:3      | Noticed ptr's ghost (weakling FeCj)
  2255 | D:3      | Reached XP level 4. HP: 41/41 MP: 3/3
  2273 | D:3      | Noticed a necrophage
  2283 | D:3      | Killed a necrophage
  2284 | D:3      | Reached skill level 1 in Dodging
  2284 | D:3      | Reached XP level 5. HP: 47/47 MP: 4/4
  2600 | D:4      | Noticed Menkaure
  2754 | D:4      | Killed Menkaure
  2755 | D:4      | Reached skill level 5 in Long Blades
  2755 | D:4      | Reached skill level 5 in Armour
  2755 | D:4      | Reached XP level 6. HP: 44/55 MP: 5/5
  2843 | D:4      | Noticed Pikel
  2872 | D:3      | Killed from afar by Pikel

Illustrated notes

Levels and vault maps discovered:
D:1:      dpeg_arrival_shelter, layout_basic,
          chequers_ecumenical_altar_simple_redux
D:2:      layout_basic
D:3:      layout_loops_corners, gammafunk_ghost_mausoleum, minmay_cut_off
D:4:      layout_gridville, hangedman_ru_absence, uniq_menkaure, uniq_pikel,
          uniq_grinder

Skill      XL: |  1  2  3  4  5 |
---------------+----------------+-----
Fighting       | 4 |  4.8
Shields        | 4 |  4.3
Armour         | 4 5 |  5.1
Long Blades    | 3 4 5 |  5.2
Dodging        | 1 |  1.9
Stealth        | |  0.1

Action                   |  1- 3 |  4- 6 || total
-------------------------+-------+-------++-------
Melee: Long sword        |   105 |    40 ||   145
       Headbutt          |     3 |     3 ||     6
  Use: Scroll            |     5 |       ||     5
Armor: Scale mail        |    62 |    16 ||    78
Dodge: Dodged            |    61 |    18 ||    79
Block: Buckler           |    30 |     7 ||    37
